 Dungeon Sprint DCSS version 0.17-a0-1210-g1e4f09d (webtiles) character file.

9762 Kidiri the Unseen (level 11, -4/64 HPs)
             Began as a Spriggan Assassin on June 3, 2015.
             Was the Champion of Dithmenos.
             Slain by a gnoll shaman
             ... wielding a +0 whip
              (5 damage)
             ... in the Dungeon (Sprint VII: "The Pits").
             The game lasted 00:13:24 (2713 turns).

Kidiri the Unseen (Spriggan Assassin)               Turns: 2713, Time: 00:13:27

Health: -4/64      AC:  3    Str:  7    XL:     11   Next: 27%
Magic:  7/15       EV: 37    Int: 16    God:    Dithmenos [******]
Gold:   0          SH:  0    Dex: 24    Spells: 0 memorised, 10 levels left

rFire  . . .     SeeInvis +     s - +0 dagger (venom)
rCold  . . .     Clarity  .     c - +0 robe
rNeg   . . .     SustAt   .     (shield restricted)
rPois  .         Gourm    .     (helmet restricted)
rElec  .         Spirit   .     d - +0 cloak
rCorr  .         Warding  .     (gloves unavailable)
rMut   .         NoTele   +     (boots unavailable)
MR     +....                    (no amulet)
Stlth  ++++++++++               u - +3 ring of intelligence
                                t - +3 ring of dexterity

@: very slightly contaminated, wreathed by umbra, very quick, somewhat resistant
to hostile enchantments, uncannily stealthy
A: unfitting armour, see invisible, herbivore 3, speed 3, slow metabolism 2
a: Shadow Step, Shadow Form, Renounce Religion


You were in the Dungeon.
You worshipped Dithmenos.
Dithmenos was exalted by your worship.
You were full.

You visited 1 branch

Inventory:

Hand weapons
 a - a +2 dagger
 b - a +0 blowgun
 s - a +0 dagger of venom (weapon)
 w - the +2 rapier of Devotion {pierce, +Blink rF- rN+++ MR+}
   (You found it in the Dungeon)

   It inflicts extra damage upon your enemies.
   It makes you vulnerable to fire.
   It renders you almost immune to negative energy.
   It affects your resistance to hostile enchantments.
   It lets you blink.
Missiles
 e - 8 poisoned needles
 f - 2 curare-tipped needles
Armour
 c - a +0 robe (worn)
 d - a +0 cloak (worn)
Jewellery
 t - a +3 ring of dexterity (left hand)
 u - a +3 ring of intelligence (right hand)
Scrolls
 p - 3 scrolls of remove curse
 q - 5 scrolls of amnesia
 r - a scroll of summoning
Potions
 h - 8 potions of curing
 i - 7 potions of heal wounds
 j - a potion of haste
 k - 4 potions of magic
 l - 2 potions of berserk rage
 o - 2 potions of invisibility
 v - 3 potions of agility
Comestibles
 g - 7 bread rations
 n - 40 fruits


   Skills:
 * Level 10.6 Fighting
 * Level 13.2 Short Blades
 * Level 13.3 Throwing
 * Level 16.6 Dodging
 * Level 18.4 Stealth
 + Level 3.8 Invocations
 + Level 4.9 Evocations


You had 10 spell levels left.
You didn't know any spells.

Dungeon Overview and Level Annotations

Branches:
Dungeon (1/1)

Altars:
Ashenzari
Cheibriados
Dithmenos
Elyvilon
Fedhas
Gozag
Kikubaaqudgha
Makhleb
Nemelex Xobeh
Okawaru
Qazlal
Ru
Sif Muna
Trog
Vehumet
Xom
Yredelemnul
Zin
The Shining One
Beogh
Jiyva
Lugonu

Annotations:
D Eustachio, Gastronok


Innate Abilities, Weirdness & Mutations

You are tiny and cannot use many weapons and most armour.
You have supernaturally acute eyesight.
You are a herbivore.
You cover ground extremely quickly.
You need consume almost no food.


Message History

The death yak completely misses you. The gnoll shaman completely misses you.
Gastronok waves his eye-stalks in wide circles.
The air twists around and strikes you!
Ouch! That really hurt!
* * * LOW HITPOINT WARNING * * *
You emit a cloud of dark smoke.
The gnoll completely misses you.
Use which ability? (? or * to list)
You can't do that.
Use which ability? (? or * to list)
Okay, then.
Wield which item (- for none, * to show all)? (? for menu, Esc to quit)
Okay, then.
Drink which item? (? for menu, Esc to quit)
You feel much better. The death yak gores you!!
* * * LOW HITPOINT WARNING * * *
You emit a cloud of dark smoke.
The komodo dragon hisses menacingly.
The ogre completely misses you. The gnoll misses you.
The death yak completely misses you. The gnoll shaman hits you with a whip.
You die...

###..'...# #.).........+
##..##...###...........#
#..###...'.##.§....†..#
....##...#..###.....###
##...##'##...###...###
.##..#...#.†.#.......#
..'.))÷..'...'eYlb...#
.##..#...#)..#gYwY§..#
##...##'##).)###@gT###
....##...#..###§gO§.#
#..###...'.##..§§§....#
##..##.).###...........#
###..'...# #...........+
# ######## #############


You could see Gastronok, 3 death yaks, a komodo dragon, a troll, a deep elf
fighter (invisible), an ogre, a gnoll shaman, 2 gnolls and a bat.

Vanquished Creatures
  Erolcha (D)
  4 death yaks (D)
  A lindwurm (D)
  A necromancer (D)
  An orc sorcerer (D)
  An elephant (D)
  2 cyclopes (D)
  A naga mage (D)
  An orange demon (D)
  A spiny frog (D)
  2 demonic crawlers (D)
  2 fire drakes (D)
  A merfolk (D)
  2 two-headed ogres (D)
  A ynoxinul (D)
  A steam dragon (D)
  2 nagas (D)
  A mottled dragon (D)
  An orc warrior (D)
  A sky beast (D)
  A centaur (D)
  A necrophage (D)
  A brain worm (D)
  A giant frog (D)
  A gnoll sergeant (D)
  2 scorpions (D)
  6 killer bees (D)
  A quasit (D)
  2 worker ants (D)
  4 sheep (D)
  A mummy (D)
  An adder (D)
  9 gnolls (D)
  A giant eyeball (D)
  An ooze (D)
  An adder zombie (D)
  2 giant geckos (D)
  3 orcs (D)
  2 bat skeletons (D)
  A bat zombie (D)
  A goblin (D)
  A kobold (D)
  A quokka (D)
  2 bats (D)
  A giant cockroach simulacrum (D)
  3 jackals (D)
  2 rats (D)
81 creatures vanquished.

Notes
Turn   | Place    | Note
--------------------------------------------------------------
     0 | D        | Kidiri the Spriggan Assassin began the quest for the Orb.
     0 | D        | Reached XP level 1. HP: 10/10 MP: 2/2
    11 | D        | Noticed a brain worm
    15 | D        | Killed a brain worm
    15 | D        | Reached skill level 5 in Dodging
    15 | D        | Reached skill level 8 in Stealth
    15 | D        | Reached XP level 2. HP: 13/16 MP: 3/3
    15 | D        | Reached XP level 3. HP: 16/20 MP: 4/4
    15 | D        | Reached XP level 4. HP: 19/24 MP: 5/5
    24 | D        | Found a sacrificial altar of Ru.
    24 | D        | Found a basalt altar of Yredelemnul.
    24 | D        | Found a shadowy altar of Dithmenos.
    24 | D        | Found a deep blue altar of Sif Muna.
    24 | D        | Found a burning altar of Makhleb.
    24 | D        | Found a shimmering altar of Xom.
    24 | D        | Found an ancient bone altar of Kikubaaqudgha.
    24 | D        | Found a sparkling altar of Nemelex Xobeh.
    25 | D        | Found a glowing golden altar of the Shining One.
    25 | D        | Found a bloodstained altar of Trog.
    25 | D        | Found a shattered altar of Ashenzari.
    25 | D        | Found a white marble altar of Elyvilon.
    25 | D        | Found a snail-covered altar of Cheibriados.
    25 | D        | Found a blossoming altar of Fedhas.
    25 | D        | Found a radiant altar of Vehumet.
    25 | D        | Found a glowing silver altar of Zin.
    25 | D        | Found a corrupted altar of Lugonu.
    25 | D        | Found a viscous altar of Jiyva.
    25 | D        | Found a roughly hewn altar of Beogh.
    25 | D        | Found an iron altar of Okawaru.
    28 | D        | Became a worshipper of Dithmenos the Shadowed
    32 | D        | Found a stormy altar of Qazlal.
    32 | D        | Found an opulent altar of Gozag.
   346 | D        | Acquired Dithmenos's first power
   364 | D        | Paralysed by a giant eyeball for 4 turns
   371 | D        | Paralysed by a giant eyeball for 3 turns
   526 | D        | Noticed a giant frog
   531 | D        | Acquired Dithmenos's second power
   532 | D        | Noticed a gnoll sergeant
   620 | D        | Reached skill level 5 in Throwing
   620 | D        | Reached skill level 9 in Stealth
   643 | D        | Killed a gnoll sergeant
   643 | D        | Reached skill level 5 in Short Blades
   643 | D        | Reached XP level 5. HP: 27/29 MP: 6/6
   670 | D        | Acquired Dithmenos's third power
   682 | D        | Reached skill level 10 in Stealth
   904 | D        | Killed a giant frog
   904 | D        | Acquired Dithmenos's fourth power
   904 | D        | Reached skill level 5 in Fighting
   904 | D        | Reached XP level 6. HP: 26/35 MP: 7/7
  1102 | D        | Noticed a scorpion
  1104 | D        | Killed a scorpion
  1108 | D        | Reached skill level 11 in Stealth
  1110 | D        | Noticed a quasit
  1110 | D        | Noticed a worker ant
  1110 | D        | Noticed a scorpion
  1112 | D        | Killed a scorpion
  1114 | D        | Killed a worker ant
  1156 | D        | Killed a quasit
  1260 | D        | Noticed a sky beast
  1260 | D        | Noticed Erolcha
  1260 | D        | Noticed a cyclops
  1262 | D        | Killed Erolcha
  1262 | D        | Reached skill level 13 in Stealth
  1262 | D        | Reached XP level 7. HP: 39/41 MP: 3/8
  1262 | D        | Reached XP level 8. HP: 42/45 MP: 3/9
  1263 | D        | Killed a cyclops
  1319 | D        | Killed a sky beast
  1334 | D        | Reached skill level 14 in Stealth
  1497 | D        | Got the +2 rapier of Devotion {pierce, +Blink rF- rN+++ MR+}
  1573 | D        | Noticed a worker ant
  1573 | D        | Noticed a cyclops
  1574 | D        | Noticed a demonic crawler
  1575 | D        | Killed a cyclops
  1575 | D        | Reached skill level 10 in Throwing
  1575 | D        | Reached XP level 9. HP: 49/51 MP: 5/10
  1577 | D        | Killed a worker ant
  1577 | D        | Reached skill level 10 in Short Blades
  1579 | D        | Killed a demonic crawler
  1581 | D        | Noticed a necromancer
  1581 | D        | Noticed a merfolk
  1584 | D        | Killed a merfolk
  1584 | D        | Reached skill level 15 in Stealth
  1585 | D        | Killed a necromancer
  1660 | D        | Noticed a spiny frog
  1675 | D        | Killed a spiny frog
  1769 | D        | Noticed a killer bee
  1770 | D        | Noticed a killer bee
  1770 | D        | Noticed a killer bee
  1771 | D        | Noticed a killer bee
  1771 | D        | Noticed a killer bee
  1771 | D        | Noticed a killer bee
  1784 | D        | Killed a killer bee
  1788 | D        | Killed a killer bee
  1792 | D        | Killed a killer bee
  1801 | D        | Killed a killer bee
  1801 | D        | Killed a killer bee
  1815 | D        | Killed a killer bee
  2074 | D        | Noticed a two-headed ogre
  2074 | D        | Noticed a steam dragon
  2076 | D        | Killed a steam dragon
  2077 | D        | Killed a two-headed ogre
  2077 | D        | Reached skill level 16 in Stealth
  2126 | D        | Noticed an orange demon
  2128 | D        | Killed an orange demon
  2128 | D        | Reached XP level 10. HP: 58/58 MP: 6/11
  2171 | D        | Noticed a fire drake
  2171 | D        | Noticed a centaur
  2171 | D        | Noticed a two-headed ogre
  2173 | D        | Killed a centaur
  2175 | D        | Killed a fire drake
  2176 | D        | Killed a two-headed ogre
  2229 | D        | Noticed a lindwurm
  2229 | D        | Noticed an orc warrior
  2229 | D        | Noticed a fire drake
  2231 | D        | Killed a lindwurm
  2231 | D        | Reached skill level 15 in Dodging
  2252 | D        | Killed a fire drake
  2252 | D        | Reached skill level 1 in Evocations
  2268 | D        | Killed an orc warrior
  2268 | D        | Reached skill level 17 in Stealth
  2268 | D        | Reached skill level 1 in Invocations
  2499 | D        | Noticed a ynoxinul
  2499 | D        | Noticed an elephant
  2501 | D        | Killed a ynoxinul
  2502 | D        | Killed an elephant
  2543 | D        | Noticed a necrophage
  2545 | D        | Killed a necrophage
  2580 | D        | Noticed a naga mage
  2581 | D        | Noticed a death yak
  2581 | D        | Noticed a death yak
  2581 | D        | Noticed a death yak
  2581 | D        | Noticed a death yak
  2581 | D        | Noticed a demonic crawler
  2581 | D        | Noticed a naga
  2581 | D        | Noticed a naga
  2582 | D        | Killed a naga mage
  2583 | D        | Killed a naga
  2583 | D        | Reached skill level 10 in Fighting
  2584 | D        | Killed a naga
  2585 | D        | Killed a death yak
  2587 | D        | Killed a death yak
  2587 | D        | Reached XP level 11. HP: 63/63 MP: 4/14
  2588 | D        | Killed a death yak
  2588 | D        | Reached skill level 18 in Stealth
  2589 | D        | Killed a death yak
  2591 | D        | Killed a demonic crawler
  2677 | D        | Noticed a mottled dragon
  2677 | D        | Noticed an ogre
  2677 | D        | Noticed a gnoll shaman
  2677 | D        | Noticed a death yak
  2677 | D        | Noticed a death yak
  2677 | D        | Noticed a deep elf fighter
  2677 | D        | Noticed a komodo dragon
  2678 | D        | Noticed an orc sorcerer
  2678 | D        | Noticed a death yak
  2678 | D        | Noticed a troll
  2679 | D        | Killed a mottled dragon
  2681 | D        | Killed an orc sorcerer
  2688 | D        | Noticed Eustachio
  2688 | D        | Noticed Gastronok
  2713 | D        | HP: 1/64 [death yak (25)]
  2713 | D        | Slain by a gnoll shaman

Vault maps used:
D:        pitsprint

Action                   |  1- 3 |  4- 6 |  7- 9 | 10-12 || total
-------------------------+-------+-------+-------+-------++-------
Melee: Dagger            |     1 |   129 |    81 |    30 ||   241
       Rapier            |       |       |    21 |    31 ||    52
 Fire: Blowgun           |       |    11 |       |     1 ||    12
Invok: Shadow Step       |       |     1 |     5 |     7 ||    13
 Abil: Evoke Blink       |       |       |       |     3 ||     3
  Use: Potion            |       |     1 |     2 |     4 ||     7
       Scroll            |       |       |       |     1 ||     1
 Stab: Sleeping          |     1 |     9 |    12 |    19 ||    41
       Distracted        |       |     1 |       |       ||     1
  Eat: Bread ration      |       |       |       |     1 ||     1
